 Dungeon Crawl Stone Soup version 0.20.1-1-g8b1a95d (webtiles) character file.

72 Melbolja the Ruffian (level 4, 0/42 HPs)
             Began as a Troll Warper on Oct 2, 2017.
             Slain by a gnoll
             ... wielding a +0 whip
              (6 damage)
             ... on level 3 of the Dungeon on Oct 8, 2017.
             The game lasted 00:09:56 (1870 turns).

Melbolja the Ruffian (Troll Warper)                 Turns: 1870, Time: 00:09:57

Health: 0/42       AC:  5    Str: 19    XL:     4   Next: 7%
Magic:  5/5        EV: 10    Int:  9    God:
Gold:   140        SH:  0    Dex: 10    Spells: 4/6 levels left

rFire    . . .     SeeInvis .     - Unarmed
rCold    . . .     Gourm    +   (no shield)
rNeg     . . .     Faith    .   a - +0 robe
rPois    .         Spirit   .   (helmet restricted)
rElec    .         Reflect  .   (no cloak)
rCorr    +         Harm     .   (gloves unavailable)
MR       .....                  (boots unavailable)
Stlth    +.........             (no amulet)
Regen    0.6/turn               h - ring of resist corrosion
MPRegen  0.1/turn               (no ring)

@: no status effects
A: unfitting armour, claws 3, fast metabolism 3, gourmand, regeneration 1,
shaggy fur 1, tough skin 2
a: no special abilities


You were on level 3 of the Dungeon.
You were very full.

You visited 1 branch of the dungeon, and saw 3 of its levels.

You collected 140 gold pieces.

Inventory:

Missiles
 d - 5 tomahawks of dispersal (quivered)
 e - 19 arrows
 p - 40 stones
Armour
 a - a +0 robe (worn)
Jewellery
 h - a ring of resist corrosion (left claw)
Wands
 q - a wand of confusion (29/48)
Scrolls
 c - a scroll of blinking
 g - a scroll of enchant weapon {unknown}
 k - 2 scrolls of fear {unknown}
Potions
 j - a potion of degeneration {unknown}
 l - a potion of cancellation {unknown}
 m - a potion of curing {unknown}
 o - a potion of brilliance {unknown}
Books
 b - a book of Spatial Translocations

   Spells                             Type                      Level
   a - Blink                          Translocation                2
   b - Shroud of Golubria             Charms/Translocation         2
   c - Lesser Beckoning               Translocation                3
   d - Gell's Gravitas                Translocation                3
   e - Teleport Other                 Translocation                3
   f - Passage of Golubria            Translocation                4
Comestibles
 f - 4 bread rations
 i - a fruit
 n - a chunk of flesh
 r - a meat ration


   Skills:
 + Level 2.0 Fighting
 + Level 0.8 Throwing
 + Level 2.4 Dodging
 + Level 0.4 Stealth
 + Level 2.9 Unarmed Combat
 + Level 1.5 Spellcasting
 + Level 2.3 Translocations


You had 4 spell levels left.
You knew the following spells:

 Your Spells              Type           Power        Failure   Level  Hunger
a - Blink                 Tloc           N/A          21%         2    ###....


Dungeon Overview and Level Annotations

Branches:
Dungeon (3/15)

Altars:
Uskayaw
The Shining One


Innate Abilities, Weirdness & Mutations

You are too large for most types of armour.
You have claws for hands.
Your metabolism is lightning-fast.
You like to eat raw meat.
Your natural rate of healing is unusually fast.
You are covered in fur. (AC +1)
You have very tough skin. (AC +2)


Message History

The gnoll is heavily wounded.
The gnoll hits you from afar with a spear!
The gnoll hits you but does no damage.
You claw the gnoll!
You kill the gnoll!
You have reached level 4!
The gnoll hits you but does no damage. The gnoll hits you with a whip.
You barely miss the gnoll.
The gnoll hits you from afar with a spear!
The gnoll closely misses you.
You barely miss the gnoll. The gnoll hits you but does no damage.
The gnoll hits you with a whip.
You scratch the gnoll.
The gnoll is lightly wounded.
The gnoll barely misses you. The gnoll hits you with a whip!
* * * LOW HITPOINT WARNING * * *
You scratch the gnoll.
The gnoll is lightly wounded.
The gnoll barely misses you. The gnoll hits you with a whip.
You die...

#. #.########
#.........
#......... ######
#......... .......
#...g..... .#####.
#.g.......
.#..(#.###.@)......
.#..(#....)##+#####
.#####.....#
...........#
..._...(...#
.....#....# ....
#....## ...
#.....#.# +.......#


You could see a hand axe and 2 gnolls.

Vanquished Creatures
  2 gnolls (D:3)
  An ooze (D:1)
  A worm (D:2)
  A dart slug (D:1)
  3 leopard geckos
  6 bats
  2 giant cockroaches (D:1)
  6 goblins
  4 hobgoblins
  A quokka (D:2)
  A ball python (D:2)
  6 kobolds
  7 rats (D:1)
41 creatures vanquished.

Notes
Turn   | Place    | Note
-------+----------+-------------------------------------------
     0 | D:1      | Melbolja the Troll Warper began the quest for the Orb.
     0 | D:1      | Reached XP level 1. HP: 19/19 MP: 1/1
   371 | D:1      | Reached XP level 2. HP: 28/28 MP: 3/3
   580 | D:1      | Reached XP level 3. HP: 35/35 MP: 4/4
  1175 | D:2      | Learned a level 2 spell: Blink
  1215 | D:2      | Found a glowing golden altar of the Shining One.
  1851 | D:3      | Noticed a hand axe
  1852 | D:3      | Noticed a dagger
  1858 | D:3      | Found a hide-covered altar of Uskayaw.
  1866 | D:3      | Reached XP level 4. HP: 30/42 MP: 5/5
  1870 | D:3      | Slain by a gnoll

Skill      XL: |  1  2  3 |
---------------+----------+-----
Dodging        | 2 |  2.4
Fighting       | 2 |  2.0
Throwing       | |  0.8
Stealth        | |  0.4
Unarmed Combat | |  2.9
Spellcasting   | |  1.5
Translocations | |  2.3

Action                   |  1- 3 |  4- 6 || total
-------------------------+-------+-------++-------
Melee: Unarmed           |   106 |     4 ||   110
       Punch             |     1 |       ||     1
 Cast: Blink             |     2 |       ||     2
 Stab: Sleeping          |     1 |       ||     1
  Eat: Chunk             |    21 |       ||    21
Armor: Robe              |    44 |     2 ||    46
Dodge: Dodged            |    52 |     3 ||    55
